 Dungeon Crawl Stone Soup version 0.19.5 (webtiles) character file.

125670 IcyNumb the Fencer (level 16, -18/159 HPs)
             Began as a Minotaur Fighter on May 21, 2017.
             Was a High Priest of Okawaru.
             Demolished by a crystal guardian (20 damage)
             ... on level 15 of the Dungeon on May 22, 2017.
             The game lasted 04:42:37 (26447 turns).

IcyNumb the Fencer (Minotaur Fighter)              Turns: 26447, Time: 04:42:38

Health: -18/159    AC: 35    Str: 31    XL:     16   Next: 42%
Magic:  9/15       EV: 15    Int:  6    God:    Okawaru [*****.]
Gold:   2270       SH:  0    Dex: 12    Spells: 0 memorised, 15 levels left

rFire  + . .     SeeInvis .     t - +7 great sword of Anxiety {slice, *Drain rElec Str+6 Stlth+}
rCold  + . .     Gourm    +     R - +2 plate armour {rC+}
rNeg   . . .     Faith    .     (shield currently unavailable)
rPois  +         Spirit   .     (helmet restricted)
rElec  +         Reflect  .     n - +2 cloak {rF+}
rCorr  .         Harm     .     W - +4 pair of gloves of Boiling Hail {rPois}
MR     ++...                    s - +2 pair of boots {run}
Stlth  ..........               P - amulet of the gourmand
                                m - +5 ring of slaying
                                y - ring of protection from magic

@: heroism, quick
A: retaliatory headbutt, horns 2
a: Heroism, Finesse, Renounce Religion


You were on level 15 of the Dungeon.
You worshipped Okawaru.
Okawaru was extremely pleased with you.
You were very full.

You visited 4 branches of the dungeon, and saw 24 of its levels.
You also visited: Sewer, Ice Cave and Volcano.

You collected 2270 gold pieces.

Inventory:

Hand Weapons
 t - the +7 great sword of Anxiety (weapon) {slice, *Drain rElec Str+6 Stlth+}
   (Okawaru gifted it to you on level 13 of the Dungeon)

   It inflicts extra damage upon your enemies.
   It affects your strength (+6).
   It insulates you from electricity.
   It causes draining when unequipped.
   It makes you more stealthy.
 D - the +7 great sword of Superiority {antimagic, Dex+4}
   (Okawaru gifted it to you on level 11 of the Dungeon)

   It reduces the magical energy of the wielder, and disrupts the spells and
   magical abilities of those hit.
   Natural abilities and divine invocations are not affected.
   It affects your dexterity (+4).
Armour
 k - a +2 chain mail of fire resistance
 n - a +2 cloak of fire resistance (worn)
 s - a +2 pair of boots of running (worn)
 R - a +2 plate armour of cold resistance (worn)
 W - the +4 pair of gloves of Boiling Hail (worn) {rPois}
   (You found it on level 10 of the Dungeon)

   It protects you from poison.
 Z - +0 fire dragon scales
Jewellery
 j - an uncursed ring of flight {unknown}
 m - a +5 ring of slaying (right hand)
 w - an uncursed ring of fire
 y - a ring of protection from magic (left hand)
 J - an uncursed ring of protection from cold
 P - an amulet of the gourmand (around neck)
 Q - the ring of Wishful Thinking {rC+ Dex+4}
   (You found it in an ice cave)

   [ring of protection from cold]

   It affects your dexterity (+4).
   It protects you from cold.
 Y - a +6 amulet of reflection {unknown}
Wands
 u - a wand of polymorph (12/24)
 v - a wand of iceblast (6/15)
 z - a wand of confusion (30/48)
 B - a wand of slowing (23/48)
 E - a wand of iceblast (10/15)
 L - a wand of flame (19/48)
 T - a wand of flame (16/48)
 V - a wand of heal wounds (2/9)
 X - a wand of digging (5/24)
Scrolls
 b - a scroll of blinking {unknown}
 c - a scroll of brand weapon {unknown}
 e - 2 scrolls of enchant weapon
 g - 11 scrolls of teleportation
 h - 4 scrolls of remove curse
 p - a scroll of summoning
 C - a scroll of magic mapping
 G - 5 scrolls of recharging
 M - 6 scrolls of fear
 S - 5 scrolls of noise
Potions
 d - 2 potions of might
 l - 6 potions of brilliance
 o - 2 potions of resistance
 q - 3 potions of curing
 r - 3 potions of cancellation
 I - 4 potions of agility
 K - a potion of mutation
 O - 5 potions of flight
 U - a potion of lignification {unknown}
Comestibles
 a - 3 beef jerkies
 f - 14 bread rations
 i - 3 fruits
 x - 6 meat rations


   Skills:
 * Level 18.5(23.5) Fighting
 * Level 20.2(25.2) Long Blades
 * Level 16.5(21.5) Armour
 - Level 7.0(12.0) Dodging
 + Level 1.4(6.4) Stealth
   Level 9.7(14.7) Shields
 - Level 0.6 Evocations


You had 15 spell levels left.
You didn't know any spells.

Dungeon Overview and Level Annotations

Branches:
Dungeon (15/15)            Temple (1/1) D:4            Lair (6/6) D:11
  Swamp (0/4) Lair:2        Snake (0/4) Lair:4        Slime (0/5) Lair:6
    Orc (2/2) D:11            Elf (0/3) Orc:2        Vaults (0/5) D:14
 Depths (0/5) D:15

Altars:
Ashenzari
Kikubaaqudgha
Makhleb
Okawaru
Ru
Vehumet
Yredelemnul
Zin

Shops:
D:6 (   D:7 *   Orc:1 :   Orc:2 [*:(

Portals:
Hell: Lair:6


Innate Abilities, Weirdness & Mutations

You reflexively headbutt those who attack you in melee.
You have a pair of horns on your head.


Message History

Okawaru accepts your kill.
The hill giant dissolves into shadows!
The shadow dissolves into shadows!
The bullfrog dissolves into shadows!
The cyclops dissolves into shadows!
You feel sick.
You feel better. The shadow hits you.
The crystal guardian fires a crystalline bolt at you.
The crystal bolt burns you!
The crystal guardian fires a crystalline bolt at you.
The crystal bolt burns you! You resist.
* * * LOW HITPOINT WARNING * * *
You gain the combat prowess of a mighty hero.
The shadow hits you. The crystal guardian hits you!
* * * LOW HITPOINT WARNING * * *
The crystal guardian fires a crystalline bolt at you.
The crystal bolt freezes you! You resist.
* * * LOW HITPOINT WARNING * * *
You feel better. The crystal guardian hits you.
* * * LOW HITPOINT WARNING * * *
The shadow hits you. The crystal guardian hits you!!
You die...

######...# .........#
≈≈≈≈....#
############≈....######
#..}...$$.##≈....'.....
#..$.....$##≈....######
#.?...$.$.##≈..###
#$?!..)8.$##≈..#
#))$..@8[$'≈≈###
#$...$W.[$##≈#
#(..?)....##≈#
#?..)....%##≈#
#..$$[..=.##≈.
############≈.. ≈≈.##
...# ####


You could see 2 crystal guardians and a shadow.

Vanquished Creatures
  Gastronok (Lair:3)
  Agnes (D:14)
  Kirke (Lair:5)
  A frost giant (IceCv)
  A fire giant (D:15)
  An orc warlord (Orc:2)
  Louise (D:14)
  A stone giant (Volcano)
  Azrael (D:14)
  The ghost of Sassnad the Carver, a journeyman MiFi of the Shining One (D:8)
  A fire dragon (D:15)
  An ettin (Orc:1)
  Josephine (D:13)
  6 hydras
  A hell beast (Lair:6)
  Erolcha (D:13)
  Harold (Orc:1)
  Erica (Orc:1)
  2 centaur warriors (D:15)
  A catoblepas (Lair:5)
  3 ogre magi
  A death knight (D:12)
  2 tengu warriors
  A death yak (IceCv)
  Sonja (Orc:2)
  13 skeletal warriors
  An unseen horror (D:13)
  An obsidian statue (Volcano)
  11 hill giants
  2 deep trolls (Orc:2)
  5 wizards
  An orange crystal statue (D:15)
  A phantasmal warrior (D:12)
  5 deep elf magi
  10 ugly things
  7 cyclopes
  2 manticores
  10 elephants
  10 black mambas
  An ice statue (IceCv)
  An orange demon (Lair:6)
  3 freezing wraiths (D:12)
  2 gargoyles
  7 spiny frogs
  7 komodo dragons
  A yaktaur (D:15)
  5 rime drakes
  5 ice devils (Lair:6)
  2 efreet
  A hellwing (Lair:6)
  A tengu conjurer (D:13)
  3 red devils (Lair:6)
  17 polar bears
  11 two-headed ogres
  A polar bear (shapeshifter) (D:14)
  11 trolls
  A meliai (D:15)
  Grinder (D:3)
  16 blink frogs
  6 dream sheep (Lair:5)
  13 slime creatures
  11 hippogriffs
  Sigmund (D:4)
  A spriggan (D:7)
  A shadow (D:12)
  4 wyverns
  A vampire (D:11)
  Eustachio (D:4)
  6 hogs (Lair:5)
  8 fire bats (Volcano)
  5 fire elementals
  53 yaks
  2 basilisks
  5 wraiths
  A hungry ghost (D:15)
  5 humans
  4 vampire mosquitoes
  Menkaure (D:3)
  2 nagas (Lair:4)
  A mottled dragon (D:15)
  8 wargs
  5 swamp worms (Lair:2)
  The ghost of hawthornbunny the Insei, an amateur TeTm (D:3)
  10 water moccasins
  5 porcupines
  3 hell hounds (D:14)
  24 orc warriors
  2 black bears
  An ice beast (D:11)
  5 sky beasts
  2 phantoms
  29 ogres
  12 crocodiles
  38 wolves
  10 centaurs
  7 big kobolds
  19 bullfrogs
  2 gnoll sergeants
  An earth elemental (Volcano)
  6 scorpions
  15 wights
  5 electric eels
  3 howler monkeys (D:12)
  8 crimson imps
  4 lava snakes (Volcano)
  A quasit (D:9)
  2 bullfrog zombies (D:10)
  8 hounds
  3 jellies
  13 orc wizards
  5 centaur skeletons
  8 centaur zombies
  13 orc priests
  Crazy Yiuf (D:6)
  3 bullfrog skeletons
  Terence (D:2)
  4 iguanas
  13 worker ants
  3 hound zombies
  A hound skeleton (D:11)
  A howler monkey skeleton (D:5)
  12 gnolls
  17 adders
  3 shadow imps
  2 oozes (Sewer)
  An adder zombie (D:6)
  2 adder skeletons
  3 worms
  3 dart slugs
  7 leopard geckos
  71 orcs
  10 ball pythons
  9 bats
  6 giant cockroaches
  8 goblins
  2 hobgoblins
  10 jackals
  7 quokkas
  6 frilled lizards
  28 kobolds
  A quokka zombie (D:5)
  9 rats
  A plant (Lair:6)
865 creatures vanquished.

Vanquished Creatures (others)
  A slime creature (D:14)
  A howler monkey zombie (D:3)
  2 kobolds
  10 fungi
  9 plants
23 creatures vanquished.

Grand Total: 888 creatures vanquished

Notes
Turn   | Place    | Note
-------+----------+-------------------------------------------
     0 | D:1      | IcyNumb the Minotaur Fighter began the quest for the Orb.
     0 | D:1      | Reached XP level 1. HP: 19/19 MP: 0/0
    80 | D:1      | Reached skill level 3 in Long Blades
    94 | D:1      | Reached XP level 2. HP: 26/26 MP: 1/1
   473 | D:1      | Reached skill level 4 in Long Blades
   751 | D:2      | Found a radiant altar of Vehumet.
   757 | D:2      | Reached XP level 3. HP: 31/31 MP: 2/2
  1554 | D:3      | Reached skill level 5 in Long Blades
  1561 | D:3      | Noticed hawthornbunny's ghost (amateur TeTm)
  1642 | D:3      | Noticed Terence
  1649 | D:2      | Killed Terence
  1649 | D:2      | Reached XP level 4. HP: 39/39 MP: 3/3
  1687 | D:3      | Reached skill level 6 in Long Blades
  1722 | D:3      | Reached XP level 5. HP: 44/45 MP: 4/4
  1857 | D:3      | Killed hawthornbunny's ghost
  1857 | D:3      | Reached skill level 7 in Long Blades
  1857 | D:3      | Reached XP level 6. HP: 34/51 MP: 5/5
  1972 | D:2      | Reached skill level 8 in Long Blades
  2147 | D:3      | Noticed Grinder
  2226 | D:3      | Killed Grinder
  2226 | D:3      | Reached skill level 9 in Long Blades
  2226 | D:3      | Reached XP level 7. HP: 57/57 MP: 6/6
  2575 | D:3      | HP: 1/57 [something (24)]
  2743 | D:4      | Noticed Menkaure
  2754 | D:3      | Killed Menkaure
  2875 | D:4      | Found a shattered altar of Ashenzari.
  3018 | D:4      | Found a staircase to the Ecumenical Temple.
  3021 | D:4      | Reached skill level 10 in Long Blades
  3026 | D:4      | Noticed Eustachio
  3041 | D:4      | Killed Eustachio
  3067 | D:4      | Noticed Sigmund
  3156 | D:4      | Killed Sigmund
  3346 | D:4      | Reached XP level 8. HP: 67/67 MP: 7/7
  3692 | Temple   | Entered the Ecumenical Temple
  3710 | Temple   | Became a worshipper of Warmaster Okawaru
  3765 | D:5      | Entered Level 5 of the Dungeon
  3795 | D:5      | Got a smoking glass ring
  3797 | D:5      | Identified the ring of Oruinant {+Fly Slay+3} (You found it on level 5 of the Dungeon)
  3844 | D:5      | Found a glowing drain.
  3892 | D:5      | Reached skill level 5 in Fighting
  3989 | D:5      | Reached skill level 5 in Armour
  3989 | D:5      | Reached skill level 5 in Shields
  4091 | D:5      | Reached * piety under Okawaru
  4216 | Sewer    | Entered a sewer
  4522 | D:6      | Found Umuma's Antique Weapon Shop.
  4869 | D:6      | Reached skill level 11 in Long Blades
  4936 | D:6      | Reached XP level 9. HP: 58/75 MP: 8/8
  5084 | D:6      | Found a runed door.
  5088 | D:6      | Noticed Crazy Yiuf
  5093 | D:6      | Killed Crazy Yiuf
  5388 | D:7      | Found Jaggaos's General Store.
  5513 | D:7      | Reached ** piety under Okawaru
  6182 | D:7      | Reached skill level 12 in Long Blades
  6187 | D:7      | Reached *** piety under Okawaru
  6492 | D:8      | Noticed Sassnad's ghost (journeyman MiFi)
  6517 | D:8      | Killed Sassnad's ghost
  6517 | D:8      | Received a gift from Okawaru
  6517 | D:8      | Reached **** piety under Okawaru
  6517 | D:8      | Reached XP level 10. HP: 50/88 MP: 9/9
  7294 | D:8      | Reached skill level 13 in Long Blades
  7315 | D:8      | Found a glowing silver altar of Zin.
  7673 | D:9      | Reached ***** piety under Okawaru
  7694 | D:9      | Noticed a cyclops
  7741 | D:9      | Killed a cyclops
  8172 | D:9      | Reached skill level 14 in Long Blades
  8675 | D:10     | Entered Level 10 of the Dungeon
  8875 | D:10     | Got a pair of faintly humming gloves
  8876 | D:10     | Identified the +4 pair of gloves of Boiling Hail {rPois} (You found it on level 10 of the Dungeon)
  9038 | D:10     | Found a basalt altar of Yredelemnul.
  9309 | D:11     | Noticed a cyan ugly thing
  9318 | D:11     | Killed a cyan ugly thing
  9318 | D:11     | Reached XP level 11. HP: 95/95 MP: 10/10
  9360 | D:11     | Found a staircase to the Lair.
  9375 | D:11     | Reached skill level 10 in Armour
  9483 | D:11     | Received a gift from Okawaru
  9708 | D:11     | Received a gift from Okawaru
  9804 | D:11     | Got a crude great sword {god gift}
  9806 | D:11     | Identified the +7 great sword of Superiority {antimagic, Dex+4} (Okawaru gifted it to you on level 11 of the Dungeon)
  9835 | D:11     | Reached ****** piety under Okawaru
  9911 | D:11     | Noticed a deep elf mage
  9953 | D:11     | Noticed a soul eater
 10206 | D:11     | Noticed a sixfirhy
 10215 | D:11     | Killed a deep elf mage
 10250 | D:11     | Reached skill level 15 in Long Blades
 10293 | D:11     | Noticed a hill giant
 10311 | D:11     | Killed a hill giant
 10518 | D:11     | Found a staircase to the Orcish Mines.
 10519 | D:11     | Received a gift from Okawaru
 10625 | Lair:1   | Entered Level 1 of the Lair of Beasts
 10703 | Lair:1   | Reached skill level 16 in Long Blades
 10777 | Lair:1   | Got a bloodstained chain mail
 10778 | Lair:1   | Identified the cursed +1 chain mail "Hijyh" {Str+2} (You found it on level 1 of the Lair of Beasts)
 11136 | Lair:1   | Reached XP level 12. HP: 104/104 MP: 1/11
 11214 | Lair:2   | Received a gift from Okawaru
 11392 | Lair:2   | Reached skill level 17 in Long Blades
 11882 | Lair:2   | Found a staircase to the Swamp.
 12328 | Lair:3   | Noticed Gastronok
 12342 | Lair:3   | Killed Gastronok
 12342 | Lair:3   | Reached skill level 18 in Long Blades
 12517 | Lair:3   | Received a gift from Okawaru
 12531 | Lair:3   | Got warped swamp dragon scales {god gift}
 12532 | Lair:3   | Identified the +1 swamp dragon scales of the New World {*Drain rPois Int+7 SInv Stlth+} (Okawaru gifted it to you on level 3 of the Lair of Beasts)
 12963 | Lair:4   | Reached skill level 19 in Long Blades
 13059 | Lair:4   | Found a staircase to the Snake Pit.
 13845 | Lair:5   | Noticed a five-headed hydra
 13864 | Lair:4   | Reached XP level 13. HP: 111/111 MP: 4/12
 14104 | Lair:5   | Noticed Kirke
 14313 | Lair:5   | Reached skill level 20 in Long Blades
 14709 | Lair:5   | Killed Kirke
 14709 | Lair:5   | Received a gift from Okawaru
 14849 | Lair:5   | Reached skill level 10 in Fighting
 15143 | Lair:1   | Gained mutation: You passively map a small area around you. [potion of mutation]
 15143 | Lair:1   | Gained mutation: Your muscles are strong. (Str +2) [potion of mutation]
 15143 | Lair:1   | Gained mutation: You have a pair of large horns on your head. [potion of mutation]
 15148 | Lair:1   | Lost mutation: Your muscles are strong. (Str +2) [potion of cure mutation]
 15148 | Lair:1   | Lost mutation: You passively map a small area around you. [potion of cure mutation]
 15148 | Lair:1   | Lost mutation: You have a pair of large horns on your head. [potion of cure mutation]
 15500 | Lair:6   | Entered Level 6 of the Lair of Beasts
 16058 | Lair:5   | Received a gift from Okawaru
 16060 | Lair:5   | Reached XP level 14. HP: 50/127 MP: 4/13
 16402 | Lair:6   | Found a staircase to the Slime Pits.
 16933 | Lair:6   | Found a burning altar of Makhleb.
 16958 | Lair:6   | Found a gateway to Hell.
 17737 | Orc:1    | Entered Level 1 of the Orcish Mines
 17737 | Orc:1    | Noticed Erica
 17746 | Orc:1    | Killed Erica
 17844 | Orc:1    | Found a dark tunnel.
 17995 | Volcano  | Entered a volcano
 18496 | Volcano  | Noticed a stone giant
 18518 | Volcano  | Killed a stone giant
 18733 | Volcano  | Found a bloodstained altar of Trog.
 19167 | Orc:1    | Found Omuapo Dibef's Book Boutique.
 19178 | Orc:1    | Noticed Harold
 19195 | Orc:1    | Killed Harold
 19331 | Orc:2    | Entered Level 2 of the Orcish Mines
 19341 | Orc:2    | Found Moceskuq's Armour Emporium.
 19392 | Orc:2    | Noticed an orc warlord
 19422 | Orc:2    | Killed an orc warlord
 19422 | Orc:2    | Received a gift from Okawaru
 19695 | Orc:2    | Noticed Sonja
 19726 | Orc:2    | Killed Sonja
 20088 | Orc:2    | Reached skill level 15 in Fighting
 20102 | Orc:2    | Found a staircase to the Elven Halls.
 20366 | Orc:2    | Found Japaent's Assorted Antiques.
 20367 | Orc:2    | Found Wedwel's Antique Weapon Shop.
 20660 | Orc:2    | Found Zier's Book Boutique.
 21197 | D:11     | Received a gift from Okawaru
 21403 | D:11     | Paralysed by a wizard for 4 turns
 21416 | D:11     | Identified the Guide on Ashen Summoning
 21477 | D:12     | Reached XP level 15. HP: 136/143 MP: 3/14
 22154 | D:12     | Found a frozen archway.
 22170 | D:12     | Reached skill level 15 in Armour
 22182 | IceCv    | Entered an ice cave
 22758 | IceCv    | Noticed a frost giant
 22769 | IceCv    | Killed a frost giant
 22782 | IceCv    | Received a gift from Okawaru
 22812 | IceCv    | Got a coiled bone ring
 23039 | D:12     | Identified the ring of Wishful Thinking {rC+ Dex+4} (You found it in an ice cave)
 23143 | D:12     | Found a basalt altar of Yredelemnul.
 23365 | D:13     | Noticed Josephine
 23372 | D:13     | Killed Josephine
 23494 | D:13     | Reached skill level 1 in Dodging
 24072 | D:13     | Noticed Erolcha
 24076 | D:13     | Killed Erolcha
 24076 | D:13     | Received a gift from Okawaru
 24077 | D:13     | Got a crystal great sword {god gift}
 24078 | D:13     | Identified the +7 great sword of Anxiety {slice, *Drain rElec Str+6 Stlth+} (Okawaru gifted it to you on level 13 of the Dungeon)
 24286 | D:14     | Noticed Azrael
 24298 | D:14     | Killed Azrael
 24322 | D:14     | Found an iron altar of Okawaru.
 24322 | D:14     | Noticed Agnes
 24333 | D:14     | Killed Agnes
 24553 | D:14     | Noticed Louise
 24556 | D:14     | Reached skill level 5 in Dodging
 24567 | D:14     | Reached XP level 16. HP: 117/157 MP: 13/15
 24578 | D:14     | Killed Louise
 25028 | D:14     | Found a gate to the Vaults.
 25033 | D:14     | Received a gift from Okawaru
 25403 | D:15     | Entered Level 15 of the Dungeon
 25516 | D:15     | Found a staircase to the Depths.
 25950 | D:15     | Reached skill level 1 in Stealth
 26309 | D:15     | Identified a +2 pair of boots of running (You found it on level 15 of the Dungeon)
 26416 | D:15     | Found a runed door.
 26446 | D:15     | HP: 1/159 [crystal guardian/crystal bolt (22)]
 26447 | D:15     | Demolished by a crystal guardian

Skill      XL: |  1  2  3  4  5  6  7  8  9 10 11 12 13 14 15 16 |
---------------+-------------------------------------------------+-----
Long Blades    | 3 4 5 6 7 9 10 11 12 14 16 19 20 | 20.2
Fighting       | 4 6 7 8 9 12 15 18 | 18.5
Armour         | 4 6 8 9 10 12 14 16 | 16.5
Shields        | 4 6 7 8 9 |  9.7
Dodging        | 5 7 |  7.0
Stealth        | 1 |  1.4
Evocations     | |  0.6

Action                   |  1- 3 |  4- 6 |  7- 9 | 10-12 | 13-15 | 16-18 || total
-------------------------+-------+-------+-------+-------+-------+-------++-------
Melee: Long sword        |    78 |    47 |   292 |       |       |       ||   417
       Headbutt          |    12 |     9 |    62 |   129 |   293 |    42 ||   547
       Scimitar          |       |       |    20 |   247 |       |       ||   267
       Great sword       |       |       |       |   263 |   955 |   147 ||  1365
       Unarmed           |       |       |       |       |     2 |       ||     2
Invok: Heroism           |       |       |       |     8 |    31 |     5 ||    44
       Finesse           |       |       |       |       |     3 |     1 ||     4
 Abil: Evoke Flight      |       |       |       |     1 |       |       ||     1
Evoke: Wand              |       |       |     1 |     3 |     1 |       ||     5
  Use: Scroll            |       |     9 |     5 |    14 |    10 |     1 ||    39
       Potion            |       |     3 |       |     2 |    15 |     2 ||    22
 Stab: Distracted        |       |       |       |       |     1 |       ||     1
  Eat: Chunk             |     2 |     2 |    14 |    33 |    35 |    10 ||    96
       Royal jelly       |       |       |       |     1 |       |       ||     1
Armor: Scale mail        |    13 |     1 |    31 |       |       |       ||    45
       Ring mail         |    14 |    21 |       |       |       |       ||    35
       Chain mail        |       |       |    58 |   100 |       |       ||   158
       Plate armour      |       |       |       |   106 |   586 |    99 ||   791
Dodge: Dodged            |    23 |    13 |    55 |   133 |   358 |    75 ||   657
Block: Shield            |    33 |    15 |   138 |    99 |       |       ||   285
       Rpst.: Long sword |     7 |     6 |    12 |       |       |       ||    25
       Scimitar          |       |       |       |     8 |       |       ||     8
       Great sword       |       |       |       |    27 |    69 |    13 ||   109
